Map: Acropolis LE

Players

Yocto - Winner!

  • Race: Zerg Zerg
  • League: Diamond
  • Spawn Location: 5:00

Bonsai

  • Race: Terran Terran
  • League: Diamond
  • Spawn Location: 11:00

VOD

Have the link to the VOD?

Description

Time

  • Played on: July 5, 2019, 11:51 a.m.
  • Length: 9:23
Show
View Real Time Build Order
Export as new Build Order

Yocto Zerg - Winner!

Build Orders: Hatch First, Muta Ling Bane 

Get SALT Encoding   

  12  0:02  Drone  
  13  0:14  Overlord  
  13  0:18  Drone  
  14  0:34  Drone x2  
  16  0:37  Drone  
  17  0:56  Hatchery  
  16  1:00  Drone  
  17  1:08  Extractor  
  16  1:15  Drone  
  17  1:28  Spawning Pool, Drone x2  
  17  1:44  Drone x2  
  19  1:52  Drone  
  20  2:02  Overlord  
  20  2:16  Zergling x4  
  20  2:17  Queen  
  20  2:19  Queen  
  26  2:29  Drone x2  
  28  2:44  Overlord  
  28  3:00  Hatchery  
  28  3:03  Queen  
  29  3:08  Drone x2  
  29  3:09  Queen  
  29  3:12  Drone  
  34  3:20  Metabolic Boost  
  34  3:27  Drone x2, Evolution Chamber  
  35  3:52  Drone x2  
  35  3:53  Drone x7  
  44  3:59  Lair  
  44  4:15  Zergling x8  
  48  4:24  Zergling x4  
  50  4:25  Overlord x3  
  50  4:38  Overlord x2  
  50  4:39  Queen  
  48  4:51  Queen  
  50  4:54  Extractor  
  50  4:55  Extractor  
  48  5:01  Drone x6  
  48  5:02  Drone x2  
  52  5:12  Queen  
  50  5:15  Queen  
  52  5:26  Drone x2  
  52  5:27  Drone x4  
  56  5:35  Drone x2  
  58  5:48  Zergling x8  
  62  6:07  Spire, Drone x3  
  64  6:21  Zerg Melee Weapons Level 1  
  64  6:24  Baneling Nest  
  63  6:27  Extractor  
  62  6:35  Drone  
  62  6:36  Drone x8  
  62  6:37  Drone x2  
  73  6:52  Baneling Nest  
  72  6:54  Zergling x2  
  72  6:55  Overlord x3  
  72  6:56  Overlord  
  72  7:00  Overlord  
  72  7:01  Extractor  
  72  7:10  Overlord x2  
  72  7:12  Centrifical Hooks  
  72  7:17  Zergling x4  
  72  7:18  Zergling x10  
  72  7:19  Baneling  
  72  7:20  Baneling x2  
  72  7:21  Baneling  
  79  7:36  Mutalisk x5  
  79  7:37  Mutalisk  
  87  7:40  Mutalisk  
  93  8:00  Zergling x10  
  93  8:01  Zergling x6  
  101  8:08  Pneumatized Carapace  
  101  8:16  Zergling x4  
  101  8:17  Zergling x8  
  107  8:22  Baneling x4  
  107  8:23  Baneling x2  
  107  8:29  Overlord x3  
  107  8:30  Overlord  
  107  8:40  Zergling x2  
  107  8:41  Zergling x14  
  112  8:42  Zergling x2  
  116  8:52  Zergling x6  
Show
View Real Time Build Order
Export as new Build Order

Bonsai Terran 

Build Orders: Gas First Reaper Expand, Liberator Opening 

Get SALT Encoding   

  12  0:01  SCV  
  13  0:13  SCV  
  14  0:19  Supply Depot  
  14  0:26  Refinery  
  14  0:27  SCV  
  15  0:40  SCV  
  16  0:45  Barracks  
  16  0:53  SCV  
  17  1:06  SCV  
  19  1:29  SCV  
  19  1:33  Reaper  
  19  1:39  Command Center  
  20  1:47  Orbital Command  
  20  2:01  Factory  
  20  2:06  Barracks Reactor  
  20  2:11  Supply Depot  
  20  2:13  SCV  
  21  2:21  Refinery  
  21  2:43  SCV  
  22  2:51  Starport  
  22  2:52  Orbital Command  
  22  2:55  Hellion, Barracks Tech Lab  
  22  2:58  Hellion  
  26  3:01  SCV  
  27  3:13  SCV  
  27  3:19  Liberator  
  28  3:22  SCV  
  28  3:23  Hellion x2  
  28  3:25  SCV  
  35  3:34  SCV  
  35  3:37  SCV  
  39  3:45  Supply Depot  
  39  3:47  Hellion  
  41  3:51  Hellion  
  43  4:14  SCV  
  44  4:19  Stimpack, Marine  
  44  4:20  Barracks  
  44  4:23  Barracks  
  45  4:26  Factory Tech Lab  
  38  4:47  SCV  
  38  4:49  Command Center  
  38  4:52  Supply Depot, Marine, Siege Tank  
  41  5:07  Engineering Bay  
  41  5:09  Marine  
  41  5:11  Engineering Bay  
  38  5:22  Marine  
  32  5:40  Marine  
  25  5:50  Marine  
  25  5:52  Siege Tank  
  29  5:58  Engineering Bay, Marine  
  29  5:59  Marine  
  31  6:07  Marine  
  31  6:10  Starport Reactor  
  32  6:19  Marine  
  32  6:21  SCV  
  34  6:30  SCV  
  34  6:31  Barracks Reactor  
  34  6:32  Combat Shield  
  35  6:33  Marine x2  
  35  6:38  SCV  
  38  6:42  SCV  
  38  6:44  Barracks  
  38  6:45  Terran Infantry Weapons Level 1  
  38  6:46  Barracks  
  39  6:48  Medivac  
  39  6:49  Medivac  
  39  6:50  SCV  
  44  6:54  SCV  
  44  6:57  Marine  
  46  7:02  Supply Depot  
  46  7:08  Supply Depot  
  46  7:22  Liberator  
  46  7:23  Siege Tank, Marine x2, SCV x2  
  46  7:25  Supply Depot  
  53  7:35  Supply Depot, SCV  
  53  7:36  Marine x2  
  59  7:44  Marine x3  
  59  7:47  Liberator, SCV  
  63  7:53  Engineering Bay  
  63  7:56  SCV  
  64  7:59  Supply Depot  
  67  8:07  Marine x2  
  69  8:27  Bunker  
  69  8:31  Barracks Reactor, Marine  
  69  8:32  Marine x2  
  72  8:35  Refinery  
  72  8:36  Marine x2  
  72  8:37  Refinery  
  73  8:47  Missile Turret  
  73  8:48  Missile Turret  
  68  8:58  Missile Turret  
Tags
 
Add a new tag
Caveats
  • Supply blocks, unpowered buildings, or Contaminate may cause inaccurate times.
  • Supply counts are checked every 10 seconds.